Map: Overgrowth LE (Void)

Players

hirekui - Winner!

  • Race: Terran Terran
  • League: Master
  • Spawn Location: 7:00

VOD

Have the link to the VOD?

Description

Time

  • Played on: Nov. 27, 2016, 1:28 a.m.
  • Length: 10:23
Show
View Real Time Build Order
Export as new Build Order

hirekui Terran - Winner!

Build Orders: Reaper Expand, Hellion Banshee, Mech 

Get SALT Encoding   

  12  0:02  SCV  
  12  0:14  SCV  
  12  0:17  Supply Depot  
  12  0:26  SCV  
  12  0:28  Refinery  
  12  0:39  SCV  
  12  0:44  Barracks  
  12  0:51  SCV  
  12  1:03  SCV  
  12  1:15  SCV  
  12  1:31  Orbital Command, Reaper  
  12  1:41  Command Center  
  12  1:51  Factory  
  12  1:58  SCV  
  12  2:00  Refinery  
  12  2:07  Barracks Reactor  
  12  2:10  SCV  
  12  2:14  Supply Depot  
  12  2:22  SCV  
  12  2:36  SCV  
  12  2:38  Starport  
  12  2:49  Hellion  
  12  2:50  Hellion  
  12  2:53  Orbital Command  
  12  2:54  SCV  
  12  2:58  Barracks Tech Lab  
  12  3:09  SCV  
  12  3:11  Hellion x2  
  12  3:20  SCV  
  12  3:25  Banshee  
  12  3:26  Cloaking Field  
  12  3:28  SCV  
  12  3:30  Supply Depot  
  12  3:33  SCV  
  12  3:40  SCV  
  12  3:43  Supply Depot  
  12  3:45  SCV  
  12  3:50  Hellion x2  
  12  3:52  SCV  
  12  3:58  Armory  
  12  4:02  Armory  
  12  4:03  SCV  
  12  4:05  SCV  
  12  4:09  Supply Depot  
  12  4:13  Banshee  
  12  4:20  SCV  
  12  4:21  SCV  
  12  4:25  Refinery  
  12  4:27  Refinery  
  12  4:33  SCV x2  
  12  4:40  Command Center  
  12  4:45  SCV x2  
  12  4:47  Hellion  
  12  4:55  Hellion  
  12  4:56  Raven  
  12  4:57  SCV x2  
  12  5:03  Supply Depot  
  12  5:09  Terran Vehicle Weapons Level 1, SCV  
  12  5:10  Terran Vehicle And Ship Armor Level 1, SCV  
  12  5:17  Hellion  
  12  5:25  Hellion, SCV x2  
  12  5:26  Supply Depot  
  12  5:34  Barracks Tech Lab  
  12  5:35  Factory  
  12  5:37  Factory, SCV x2  
  12  5:49  Hellion x2, SCV x2  
  12  5:50  Banshee  
  12  5:55  Engineering Bay  
  12  5:58  Supply Depot  
  12  6:02  SCV  
  12  6:03  SCV  
  12  6:11  Hellion x2  
  12  6:13  Barracks Tech Lab  
  12  6:14  SCV  
  12  6:15  SCV  
  12  6:17  Orbital Command  
  12  6:26  SCV  
  12  6:27  SCV  
  12  6:30  Missile Turret  
  12  6:33  Missile Turret  
  12  6:34  Supply Depot  
  12  6:35  Supply Depot  
  12  6:37  Banshee  
  12  6:39  SCV x2  
  12  6:45  Siege Tank  
  12  6:46  Siege Tank  
  12  6:48  Hellion  
  12  6:50  SCV  
  12  6:56  SCV x2  
  12  7:00  Supply Depot  
  12  7:02  Supply Depot x2  
  12  7:03  SCV  
  12  7:05  Terran Vehicle Weapons Level 2  
  12  7:06  Terran Vehicle And Ship Armor Level 2  
  12  7:17  SCV  
  12  7:18  Factory x2  
  12  7:20  Siege Tank, Barracks Reactor  
  12  7:22  SCV x2  
  12  7:23  Refinery x2  
  12  7:28  Supply Depot  
  12  7:31  Banshee  
  12  7:43  Siege Tank  
  12  7:47  SCV  
  12  7:48  SCV x2  
  12  7:52  Hellbat x2  
  12  7:57  Siege Tank  
  12  8:02  Factory Tech Lab  
  12  8:15  Siege Tank, Hellbat x3  
  12  8:16  Hellbat  
  12  8:18  Supply Depot x2  
  12  8:20  Supply Depot  
  12  8:21  Siege Tank, Banshee, Supply Depot  
  12  8:29  Siege Tank  
  12  8:38  Hellbat  
  12  8:39  Command Center  
  12  8:40  Hellbat x3  
  12  8:41  Supply Depot  
  12  8:42  Supply Depot  
  12  8:47  Siege Tank  
  12  8:53  Siege Tank  
  12  9:00  Thor  
  12  9:05  Hellbat x4  
  12  9:07  Banshee  
  12  9:19  Thor, Command Center  
  12  9:25  Thor  
  12  9:26  Hellbat  
  12  10:18  Missile Turret  
  12  10:20  Refinery  
Tags
 
Add a new tag
Caveats
  • Supply blocks, unpowered buildings, or Contaminate may cause inaccurate times.
  • Supply counts are checked every 10 seconds.